 Dungeon Crawl Stone Soup version 0.31-a0-150-g89dc3ad700 (webtiles) character file.

Game seed: 3381897978407596749

616 qw the Skirmisher (level 7, 0/61 HPs)
             Began as a Minotaur Hunter on June 8, 2023.
             Slain by a gnoll
             ... wielding a +0 spear
              (4 damage)
             ... on level 4 of the Dungeon.
             The game lasted 00:01:31 (3400 turns).

qw the Skirmisher (Minotaur Hunter)                 Turns: 3400, Time: 00:01:31

Health: 0/61       AC:  7    Str: 14    XL:     7   Next: 21%
Magic:  6/6        EV: 11    Int:  6    God:
Gold:   244        SH:  0    Dex: 15    Spells: 6/6 levels left

rFire   x . .        Y - +0 shortbow
rCold   + . .        (shield currently unavailable)
rNeg    . . .        e - +2 ring mail {Will+}
rPois   +            (helmet restricted)
rElec   .            (no cloak)
rCorr   +            (no gloves)
SInv    .            (no boots)
Will    +....        h - amulet of the acrobat
Stlth   +            c - ring of Ynuahup {Ice rPois rCorr Str-2 Slay+5}
HPRegen 0.30/turn    (no ring)
MPRegen 0.10/turn

%: acrobat
@: marked
A: horns 2, retaliatory headbutt, hooves 1
a: no special abilities


You were on level 4 of the Dungeon.
You visited 1 branch of the dungeon, and saw 4 of its levels.

You collected 244 gold pieces.


Innate Abilities, Weirdness & Mutations

You have a pair of horns on your head.
You reflexively headbutt those who attack you in melee.
You have large cloven feet.


   Skills:
 - Level 5.0 Fighting
 + Level 8.7 Ranged Weapons
 - Level 1.1 Armour
 - Level 2.1 Dodging
 - Level 0.7 Stealth


You had 6 spell levels left.
You didn't know any spells.
Your spell library was empty.

Inventory:

Hand Weapons
 Y - a +0 shortbow (weapon)
Armour
 e - a +2 ring mail of willpower (worn)
 l - a +3 ring mail
Jewellery
 c - the ring of Ynuahup (left hand) {Ice rPois rCorr Str-2 Slay+5}
   (You found it on level 2 of the Dungeon)

   [ring of ice]

   It enhances your ice magic.
   Str:       It affects your strength (-2).
   Slay:      It affects your accuracy & damage with ranged weapons and melee
   (+5).
   rF:        It makes you vulnerable to fire.
   rC:        It protects you from cold.
   rPois:     It protects you from poison.
   rCorr:     It protects you from acid and corrosion.
 h - an amulet of the acrobat (around neck)
Wands
 g - a wand of digging (4)
Scrolls
 a - a scroll of identify
Potions
 b - 3 potions of magic {unknown}
 d - 2 potions of lignification {unknown}
 f - 2 potions of curing
 i - a potion of mutation
 j - a potion of cancellation
 k - a potion of ambrosia {unknown}
 m - a potion of might {unknown}

Dungeon Overview and Level Annotations

Branches:
Dungeon (4/15)
 Temple: D:4-7

Altars:
Zin

Annotations:
D:2 1 runed translucent door, Crazy Yiuf
D:4 exclusion: orc


Message History

The gnoll is moderately wounded.
The gnoll misses you.
You shoot an arrow. The arrow hits the gnoll!
You kill the gnoll!
You shoot an arrow. The arrow closely misses the orc.
A ball python comes into view.
A gnoll comes into view. It is wielding a +0 club.
The gnoll hits you but does no damage. The orc hits you with a +0 hand axe.
You shoot an arrow. The arrow hits the orc!
You kill the orc!
The gnoll barely misses you.
You shoot an arrow. The arrow barely misses the gnoll.
The arrow hits the gnoll.
The gnoll is moderately wounded.
An ogre comes into view. It is wielding a +0 giant club.
The gnoll hits you from afar with a +0 spear.
An orc comes into view. It is wielding a +0 club.
You shoot an arrow. The arrow barely misses the orc.
The arrow hits the gnoll.
The gnoll is moderately wounded.
The orc closely misses you. You furiously retaliate!
You headbutt the orc!
You kill the orc!
The gnoll closely misses you.
A hobgoblin comes into view.
The gnoll hits you from afar with a +0 spear.
You shoot an arrow. The arrow hits the gnoll.
The gnoll is severely wounded.
The gnoll hits you from afar with a +0 spear.
The gnoll misses you.
The gnoll hits you from afar with a +0 spear.
You shoot an arrow. The arrow barely misses the gnoll.
The arrow hits the gnoll!
The gnoll is heavily wounded.
The gnoll barely misses you. The gnoll closely misses you.
You shoot an arrow. The arrow hits the ball python.
You kill the ball python!
The gnoll hits you but does no damage. x2
You shoot an arrow. The arrow hits the gnoll.
The gnoll is heavily wounded.
The gnoll hits you from afar with a +0 spear.
The gnoll hits you but does no damage.
The gnoll hits you from afar with a +0 spear.
You die...

.P~~#...#########################
..~~###+# g o ..~~~. .########
###### ..~~~. ........# .....
..~~~. #........ .... ..~~~.
#o....... ... ..~~~. #..g..g.# ).
..~~~. #)##################)
..~~~. #.))@)ggoo...')...)).
..~~~. #.)).ggg#og.)#.......
.P~~## #...).O.#....#.......
..~~# #########''''######## ..~~#
........).......... ..~~##
~~~~~~~..).~~~~~~~~ ..~~~~
~~~~~~~....~~~~~~~~ ..~~~~
~~~~~~~.)..~~~~~~~~ ...P..
..........)......).


You could see an ogre, 5 gnolls, 3 orcs and a hobgoblin.

Vanquished Creatures
  A scorpion (D:3)
  2 howler monkeys (D:4)
  An orc priest (D:4)
  A hound (D:4)
  Ijyb (D:3)
  An orc wizard (D:4)
  17 gnolls (D:4)
  9 adders
  A worm (D:2)
  3 dart slugs
  12 orcs (D:4)
  8 ball pythons
  8 endoplasms
  4 giant cockroaches
  7 goblins
  6 hobgoblins
  14 jackals (D:4)
  2 quokkas (D:2)
  4 bats
  2 frilled lizards
  9 kobolds
  3 rats
116 creatures vanquished.

Notes
Turn   | Place    | Note
-------+----------+-------------------------------------------
     0 | D:1      | qw the Minotaur Hunter began the quest for the Orb.
     0 | D:1      | Reached XP level 1. HP: 18/18 MP: 0/0
     0 | D:1      | 0 ||| qw: Version: 0.2-a-119-g7aa9181
     0 | D:1      | 0 ||| qw: Game counter: 2757
     0 | D:1      | 0 ||| qw: Always use a shield: true
     0 | D:1      | 0 ||| qw: God list: Okawaru
     0 | D:1      | 0 ||| qw: Allow faded altars: false
     0 | D:1      | 0 ||| qw: Do Orc after D:15 true
     0 | D:1      | 0 ||| qw: Do second Lair branch before Depths: true
     0 | D:1      | 0 ||| qw: Lair rune preference: random
     0 | D:1      | 0 ||| qw: Plans: Normal
     0 | D:1      | 0 ||| PLANNING D:1-11
   142 | D:1      | 142 ||| FLEEEEING.
   143 | D:1      | 143 ||| FLEEEEING.
   149 | D:1      | 149 ||| FLEEEEING.
   175 | D:1      | Reached XP level 2. HP: 25/25 MP: 1/1
   211 | D:1      | Reached skill level 5 in Ranged Weapons
   362 | D:1      | Reached skill level 3 in Fighting
   719 | D:1      | 719 ||| READING scroll labelled COMENA DUENOMI.
   723 | D:1      | 723 ||| READING scroll labelled YKKEFI NICWAONE.
   724 | D:1      | 724 ||| READING scroll labelled WUASAOSCHUL.
   725 | D:1      | 725 ||| READING scroll labelled EGGIHA HUOJ.
   726 | D:1      | 726 ||| DRINKING 2 viscous orange potions.
   726 | D:1      | Gained mutation: You have large cloven feet. [potion of
                  | mutation]
   727 | D:1      | 727 ||| DROPPING scroll of butterflies.
   799 | D:2      | Found a glowing silver altar of Zin.
   815 | D:2      | Reached XP level 3. HP: 31/31 MP: 2/2
   955 | D:2      | Found a runed translucent door.
   956 | D:2      | Noticed Crazy Yiuf
  1120 | D:2      | 1120 ||| UPGRADING to +0 ring mail.
  1130 | D:2      | 1130 ||| DROPPING +0 leather armour.
  1131 | D:2      | 1131 ||| READING scroll labelled MOPHIG ZIURARO.
  1132 | D:2      | 1132 ||| DRINKING 2 yellow potions.
  1153 | D:2      | Reached skill level 1 in Armour
  1204 | D:2      | 1204 ||| READING 2 scrolls of identify.
  1204 | D:2      | 1204 ||| IDENTIFYING glowing red potion
  1253 | D:2      | Reached XP level 4. HP: 30/38 MP: 3/3
  1292 | D:2      | Identified the ring of Ynuahup {Ice rPois rCorr Str-2
                  | Slay+5}
  1472 | D:2      | 1472 ||| UPGRADING to ring of Ynuahup {Ice rPois rCorr
                  | Str-2 Slay+5}.
  1560 | D:3      | Reached skill level 6 in Ranged Weapons
  1635 | D:3      | Noticed Ijyb
  1644 | D:3      | Killed Ijyb
  1645 | D:3      | Noticed a scorpion
  1651 | D:3      | Killed a scorpion
  1652 | D:3      | Reached XP level 5. HP: 30/47 MP: 4/4
  1741 | D:3      | Found a faded altar of an unknown god.
  2410 | D:3      | 2410 ||| UPGRADING to +2 ring mail of willpower.
  2420 | D:3      | 2420 ||| DROPPING +0 ring mail.
  2421 | D:3      | 2421 ||| READING scroll labelled QUOTHR NEQED.
  2422 | D:3      | 2422 ||| READING scroll labelled ONTIXU BEGRIOMN.
  2423 | D:3      | 2423 ||| READING 2 scrolls labelled UTUEPL GEZXAET.
  2424 | D:3      | 2424 ||| READING scroll labelled WAW XOECUOSUF.
  2425 | D:3      | 2425 ||| READING 2 scrolls of identify.
  2425 | D:3      | 2425 ||| IDENTIFYING pink potion
  2426 | D:3      | 2426 ||| DROPPING potion of brilliance.
  2427 | D:3      | 2427 ||| DROPPING scroll of poison.
  2556 | D:4      | Reached XP level 6. HP: 33/55 MP: 5/5
  2657 | D:4      | Reached skill level 7 in Ranged Weapons
  2659 | D:4      | 2659 ||| FLEEEEING.
  2671 | D:4      | HP: 11/55 [gnoll/+0 halberd (7)]
  2672 | D:4      | 2672 ||| READING 2 scrolls of teleportation.
  2921 | D:4      | 2921 ||| Stepping ~*~*~tactically~*~*~ (outnumbered).
  2922 | D:4      | 2922 ||| FLEEEEING.
  2923 | D:4      | 2923 ||| FLEEEEING.
  2939 | D:4      | HP: 7/55 [orc priest/divine providence (17)]
  2940 | D:4      | 2940 ||| READING scroll of teleportation.
  3218 | D:4      | Reached skill level 8 in Ranged Weapons
  3256 | D:4      | Reached XP level 7. HP: 61/61 MP: 6/6
  3358 | D:4      | 3358 ||| UPGRADING to amulet of the acrobat.
  3370 | D:4      | 3370 ||| FLEEEEING.
  3371 | D:4      | 3371 ||| FLEEEEING.
  3383 | D:4      | HP: 14/61 [gnoll/+0 club (4)]
  3393 | D:4      | HP: 14/61 [orc/+0 hand axe (1)]
  3397 | D:4      | HP: 5/61 [gnoll/+0 spear (2)]
  3400 | D:4      | Slain by a gnoll

Levels and vault maps discovered:
D:1:      heliophobic_arrival_glass_houses, layout_loops_ring
D:2:      layout_rooms, basic_altar, minmay_puff, uniq_crazy_yiuf_cottage
D:3:      layout_basic, serial_bayou, serial_bayou_pond_e, serial_bayou_shore_b,
          serial_bayou_pond_e, serial_bayou_pond_d,
          hellmonk_ecumenical_altar_pennies_from_heaven, st_stairs_5, uniq_ijyb
D:4:      lemuel_castle_with_subvaults [lemuel_castle_interior_carwin_3],
          layout_loops_ring, minmay_temple_entry_fiery

Skill      XL: |  1  2  3  4  5  6 |
---------------+-------------------+-----
Ranged Weapons | 5 6 8 |  8.7
Fighting       | 3 4 5 |  5.0
Armour         | 1 |  1.1
Dodging        | |  2.1
Stealth        | |  0.7

Action                     |  1- 3 |  4- 6 |  7- 9 || total
---------------------------+-------+-------+-------++-------
   Fire: Shortbow          |    98 |   159 |    49 ||   306
    Use: Scroll            |     6 |     7 |       ||    13
         Potion            |     2 |       |       ||     2
 Armour: Ring mail         |    10 |    16 |     8 ||    34
  Dodge: Dodged            |    25 |    39 |    20 ||    84

Table legend:
 A = Non-vault XP
 B = Vault XP
 C = Vault XP percentage of total XP
 D = Non-vault monster count
 E = Vault monster count
 F = Vault count percentage of total count
                 A         B        C        D         E       F
            +---------+---------+-------+---------+---------+-------
      Total |     326 |     555 |  63.0 |      67 |      49 |  42.2
            +---------+---------+-------+---------+---------+-------
        D:1 |      38 |       0 |   0.0 |      23 |       0 |   0.0
        D:2 |      43 |      23 |  34.8 |      11 |       4 |  26.7
        D:3 |      64 |     125 |  66.1 |      16 |       3 |  15.8
        D:4 |     181 |     407 |  69.2 |      17 |      42 |  71.2
            +---------+---------+-------+---------+---------+-------
